 Dungeon Crawl Stone Soup version 0.20.1-1-g8b1a95d (webtiles) character file.

12315 Monsterracer the Martial Artist (level 11, -5/96 HPs)
             Began as a Vampire Transmuter on Sept 3, 2017.
             Was a High Priest of Okawaru.
             Slain by a five-headed hydra (12 damage)
             ... on level 1 of the Lair of Beasts on Sept 4, 2017.
             The game lasted 00:37:18 (15663 turns).

Monsterracer the Martial Artist (VpTm)             Turns: 15663, Time: 00:37:19

Health: -5/96      AC:  6    Str:  9    XL:     11   Next: 60%
Magic:  12/16      EV: 14    Int: 20    God:    Okawaru [*****.]
Gold:   579        SH:  0    Dex: 14    Spells: 3/16 levels left

rFire    . . .     SeeInvis +     - Unarmed
rCold    + + +     Gourm    .   (shield currently unavailable)
rNeg     + . .     Faith    .   (armour currently unavailable)
rPois    +         Spirit   .   (helmet currently unavailable)
rElec    .         Reflect  .   (cloak currently unavailable)
rCorr    .         Harm     .   (gloves currently unavailable)
MR       +....                  (boots currently unavailable)
Stlth    ++++......             (no amulet)
Regen    0.3/turn               f - ring of wizardry
MPRegen  0.2/turn               l - ring of protection from fire

@: confusing touch, ice-form
A: see invisible
a: Bat Form, End Transformation, Heroism, Finesse, Renounce Religion


You were on level 1 of the Lair of Beasts.
You worshipped Okawaru.
Okawaru was extremely pleased with you.
You were not thirsty.
You were a creature of crystalline ice.
You visited 2 branches of the dungeon, and saw 12 of its levels.
You also visited: Ossuary.

You collected 579 gold pieces.

Inventory:

Missiles
 a - 271 arrows
Armour
 b - a +0 robe (melded)
 e - a +1 cloak (melded)
 j - a +0 ring mail
 s - a +1 helmet (melded)
 z - a +1 pair of gloves (melded)
Jewellery
 f - a ring of wizardry (left front paw)
 l - a ring of protection from fire (right front paw)
 y - an uncursed ring of protection from magic
Wands
 r - a wand of acid (13/15)
Scrolls
 h - 5 scrolls of remove curse
 o - 5 scrolls of teleportation
 t - 3 scrolls of magic mapping
 x - a scroll of recharging
Potions
 c - a potion of haste {unknown}
 d - 11 potions of blood
 g - 2 potions of agility
 i - 2 potions of lignification
 k - 3 potions of curing
 m - 2 potions of magic
 n - 2 potions of brilliance
 p - 5 potions of flight
 q - 4 potions of cancellation
 u - 2 potions of heal wounds
 v - a potion of berserk rage {unknown}
 w - 2 potions of ambrosia


   Skills:
 + Level 5.5 Fighting
 + Level 7.3 Dodging
 + Level 9.5 Stealth
 * Level 11.1 Unarmed Combat
 + Level 3.4 Spellcasting
 - Level 4.0 Hexes
 + Level 9.4 Transmutations
 - Level 3.0 Ice Magic
 + Level 5.5 Invocations


You had 3 spell levels left.
You knew the following spells:

 Your Spells              Type           Power        Failure   Level  Hunger
a - Ice Form              Ice/Tmut       ####....     4%          4    ####...
b - Sticks to Snakes      Tmut           #####...     1%          2    ##.....
c - Confusing Touch       Hex            ###...       1%          1    None
d - Blade Hands           Tmut           #####.....   3%          5    ######.
z - Apportation           Tloc           #.....       6%          1    None


Dungeon Overview and Level Annotations

Branches:
Dungeon (11/15)            Temple (0/1) D:7            Lair (1/6) D:9
    Orc: D:9-12

Altars:
Cheibriados
Kikubaaqudgha
Makhleb
Okawaru
Sif Muna
Uskayaw
The Shining One

Shops:
D:8 =


Innate Abilities, Weirdness & Mutations

((You have razor-sharp teeth.))
You have supernaturally acute eyesight. (SInv)
((You can survive without breathing.))


Message History

* * * LOW HITPOINT WARNING * * *
Damage: -6%(-6hp) hp: 27%(25hp) Unknown command.
You hit the five-headed hydra but do no damage.
The five-headed hydra barely misses you.
The five-headed hydra bites you!
* * * LOW HITPOINT WARNING * * *
The five-headed hydra completely misses you.
The five-headed hydra closely misses you.
The five-headed hydra bites you!
* * * LOW HITPOINT WARNING * * *
The crocodile closely misses you.
Huge Dmg: -18%(-17hp) hp: 9%(8hp)
Okay, then.
You hit the five-headed hydra but do no damage.
The five-headed hydra bites you.
* * * LOW HITPOINT WARNING * * *
The five-headed hydra closely misses you.
The five-headed hydra bites you!
You die...

#### ###### ####
.#P########.#..##########[P##
............................#
................Y...........#
................Dt..........#
.>.###...P####...###...##)..#
....##...## #....#
#...##...## ....##...# ##...#
#....#....# ...###...# ##...#
#...##...## ...# #...# #....#
#...##....# ...###...#
##...###...##...##
....##...## #...##....#P...##


You could see a five-headed hydra and a crocodile.

Vanquished Creatures
  A two-headed ogre (D:8)
  The ghost of ThereIsNoGod the Frost Mage, a novice DrIE of Ru (D:10)
  2 unseen horrors
  A black mamba (Lair:1)
  A spiny frog (Lair:1)
  2 komodo dragons (Lair:1)
  3 hippogriffs
  A vampire (D:10)
  Sigmund (D:6)
  5 yaks
  A basilisk (Lair:1)
  Menkaure (D:6)
  2 ice beasts (D:10)
  A porcupine (Lair:1)
  An eye of draining (D:9)
  5 orc warriors
  3 sky beasts
  A black bear (D:9)
  8 ogres
  3 wolves (Lair:1)
  4 centaurs
  A crocodile (Lair:1)
  4 big kobolds
  Blork the orc (D:6)
  12 bullfrogs
  12 killer bees (D:10)
  5 scorpions
  13 wights
  A howler monkey (D:8)
  A troll skeleton (D:9)
  2 spriggan skeletons (D:9)
  5 crimson imps
  4 centaur zombies
  A quasit (D:9)
  2 jellies
  2 hounds
  2 human zombies (Ossuary)
  7 centaur skeletons
  3 orc priests
  A bullfrog skeleton (D:8)
  7 orc wizards
  8 worker ants
  A killer bee zombie (D:10)
  2 big kobold zombies (Ossuary)
  A centaur simulacrum (D:10)
  2 hound zombies
  4 hound skeletons
  3 mummies (Ossuary)
  A worker ant zombie (D:8)
  A howler monkey zombie (D:9)
  8 adders
  8 gnolls
  2 shadow imps
  3 white imps (D:10)
  A howler monkey simulacrum (D:10)
  2 worker ant simulacra (D:10)
  2 ufetubi (D:10)
  An ooze (D:1)
  3 adder zombies (Ossuary)
  3 adder skeletons
  4 worms
  3 dart slugs (D:1)
  3 leopard geckos
  42 orcs
  3 giant cockroaches
  2 gnoll zombies (Ossuary)
  3 goblins
  4 hobgoblins
  16 jackals
  6 quokkas
  A ball python (D:8)
  6 bats
  3 frilled lizards
  3 goblin zombies (Ossuary)
  4 hobgoblin zombies (Ossuary)
  4 jackal zombies (Ossuary)
  34 kobolds
  2 kobold zombies (Ossuary)
  An orc zombie (Ossuary)
  7 quokka zombies
  3 rats
  4 rat zombies (Ossuary)
348 creatures vanquished.

Vanquished Creatures (collateral kills)
  A big kobold (D:8)
  A wight (D:6)
2 creatures vanquished.

Vanquished Creatures (others)
  A hound skeleton (D:7)
1 creature vanquished.

Grand Total: 351 creatures vanquished

Notes
Turn   | Place    | Note
-------+----------+-------------------------------------------
     0 | D:1      | Monsterracer the Vampire Transmuter began the quest for the Orb.
     0 | D:1      | Reached XP level 1. HP: 14/14 MP: 3/3
   431 | D:1      | Reached XP level 2. HP: 20/20 MP: 5/5
   533 | D:1      | HP: 9/20 [dart slug (2)]
   539 | D:1      | HP: 6/20 [jackal (1)]
   547 | D:1      | HP: 2/20 [jackal (2)]
   557 | D:1      | Learned a level 2 spell: Sticks to Snakes
   965 | D:1      | Reached skill level 4 in Unarmed Combat
  1285 | D:2      | HP: 10/20 [worm (10)]
  1296 | D:2      | HP: 6/20 [worm (5)]
  1552 | D:2      | Reached XP level 3. HP: 25/25 MP: 6/6
  1600 | D:2      | Learned a level 3 spell: Spider Form
  1990 | D:2      | Reached XP level 4. HP: 21/31 MP: 7/7
  2334 | D:3      | HP: 15/31 [orc priest/divine providence (16)]
  2614 | D:3      | Reached skill level 5 in Unarmed Combat
  2724 | D:3      | Reached XP level 5. HP: 24/36 MP: 5/8
  3185 | D:4      | HP: 14/36 [orc/hand axe (6)]
  3191 | D:4      | HP: 10/36 [poisoned by a worker ant]
  3196 | D:4      | HP: 8/36 [poisoned by a worker ant]
  3202 | D:4      | HP: 7/36 [poisoned by a worker ant]
  3210 | D:4      | HP: 5/36 [poisoned by a worker ant]
  3216 | D:4      | HP: 5/36 [poisoned by a worker ant]
  3222 | D:4      | HP: 4/36 [poisoned by a worker ant]
  3229 | D:4      | HP: 4/36 [poisoned by a worker ant]
  3235 | D:4      | HP: 3/36 [poisoned by a worker ant]
  3589 | D:4      | Reached skill level 1 in Fighting
  3678 | D:4      | HP: 16/37 [gnoll (3)]
  3681 | D:4      | Reached skill level 1 in Stealth
  3890 | D:4      | Found an iron altar of Okawaru.
  3896 | D:4      | Became a worshipper of Warmaster Okawaru
  3914 | D:4      | Noticed an ogre
  3921 | D:4      | HP: 7/37 [ogre/giant club (13)]
  3929 | D:4      | Killed an ogre
  3929 | D:4      | Reached XP level 6. HP: 10/43 MP: 6/9
  4099 | D:4      | Reached skill level 5 in Transmutations
  4101 | D:4      | HP: 21/43 [poisoned by a scorpion]
  4106 | D:4      | HP: 15/43 [poisoned by a scorpion]
  4111 | D:4      | HP: 10/43 [poisoned by a scorpion]
  4116 | D:4      | HP: 8/43 [poisoned by a scorpion]
  4121 | D:4      | HP: 7/43 [poisoned by a scorpion]
  4126 | D:4      | HP: 6/43 [poisoned by a scorpion]
  4133 | D:4      | HP: 7/43 [poisoned by a scorpion]
  4141 | D:4      | HP: 8/43 [poisoned by a scorpion]
  4834 | D:5      | Entered Level 5 of the Dungeon
  5365 | D:5      | HP: 20/43 [acid (3)]
  5365 | D:5      | Reached skill level 1 in Invocations
  5365 | D:5      | Reached XP level 7. HP: 23/49 MP: 10/10
  5543 | D:5      | Reached skill level 6 in Unarmed Combat
  5601 | D:5      | Learned a level 5 spell: Blade Hands
  5710 | D:6      | HP: 22/49 [worker ant (4)]
  5716 | D:6      | HP: 19/49 [poisoned by a worker ant]
  5724 | D:6      | HP: 17/49 [poisoned by a worker ant]
  5729 | D:6      | HP: 9/49 [worm (7)]
  5892 | D:6      | Noticed Blork the orc
  5936 | D:6      | Killed Blork the orc
  5936 | D:6      | Reached * piety under Okawaru
  5975 | D:6      | HP: 20/49 [wight/spear (5)]
  6534 | D:6      | Reached XP level 8. HP: 56/56 MP: 8/11
  6626 | D:6      | Noticed Menkaure
  6637 | D:6      | Reached ** piety under Okawaru
  6637 | D:6      | Reached skill level 7 in Unarmed Combat
  6640 | D:6      | Killed Menkaure
  7055 | D:6      | Noticed Sigmund
  7065 | D:6      | HP: 27/57 [orc/trident (9)]
  7070 | D:6      | HP: 16/57 [orc priest/divine providence (13)]
  7335 | D:6      | Killed Sigmund
  7335 | D:6      | Reached skill level 5 in Stealth
  7629 | D:6      | Found a glowing golden altar of the Shining One.
  7857 | D:7      | Found a sand-covered staircase.
  7863 | Ossuary  | Entered an ossuary
  8131 | Ossuary  | Reached XP level 9. HP: 56/64 MP: 6/12
  8139 | Ossuary  | Reached skill level 8 in Unarmed Combat
  8450 | D:7      | Found a glowing golden altar of the Shining One.
  8570 | D:7      | HP: 31/64 [kobold (2)]
  8825 | D:7      | Reached skill level 5 in Dodging
  8961 | D:7      | Reached *** piety under Okawaru
  9126 | D:7      | Found a staircase to the Ecumenical Temple.
  9773 | D:8      | HP: 31/65 [centaur (7)]
 10017 | D:8      | Found a burning altar of Makhleb.
 10024 | D:8      | Found a snail-covered altar of Cheibriados.
 10031 | D:8      | Found a deep blue altar of Sif Muna.
 10066 | D:8      | Found Axigub's Jewellery Shoppe.
 10301 | D:8      | Reached skill level 9 in Unarmed Combat
 10890 | D:8      | Noticed a two-headed ogre
 10897 | D:8      | HP: 28/65 [two-headed ogre/giant spiked club (15)]
 10898 | D:8      | Killed a two-headed ogre
 10898 | D:8      | Reached **** piety under Okawaru
 10898 | D:8      | Reached XP level 10. HP: 32/73 MP: 5/13
 11411 | D:8      | Found an ancient bone altar of Kikubaaqudgha.
 11714 | D:9      | Learned a level 4 spell: Ice Form
 11716 | D:9      | Learned a level 1 spell: Confusing Touch
 11725 | D:9      | Learned a level 1 spell: Apportation
 11813 | D:9      | Reached skill level 1 in Hexes
 11824 | D:9      | Reached skill level 1 in Ice Magic
 11898 | D:9      | HP: 36/73 [wight/enchanted trident (11)]
 12005 | D:9      | HP: 33/73 [centaur/arrow (11)]
 12313 | D:9      | Noticed an unseen horror
 12332 | D:9      | HP: 35/73 [troll skeleton (4)]
 12441 | D:9      | Killed an unseen horror
 12644 | D:9      | Found a staircase to the Lair.
 12693 | D:9      | Reached skill level 10 in Unarmed Combat
 12730 | D:9      | Reached ***** piety under Okawaru
 12859 | D:10     | Entered Level 10 of the Dungeon
 12859 | D:10     | Noticed ThereIsNoGod's ghost (novice DrIE)
 12876 | D:10     | Killed ThereIsNoGod's ghost
 12876 | D:10     | Reached skill level 5 in Fighting
 13123 | D:10     | Reached skill level 5 in Invocations
 13381 | D:10     | Found a hide-covered altar of Uskayaw.
 13453 | D:10     | Noticed an unseen horror
 13456 | D:10     | Killed an unseen horror
 13456 | D:10     | Reached XP level 11. HP: 77/79 MP: 8/14
 14116 | D:10     | Received a gift from Okawaru
 14120 | D:10     | HP: 44/94 [killer bee (9)]
 14125 | D:10     | HP: 27/94 [poisoned by a killer bee]
 14129 | D:10     | HP: 13/94 [killer bee (2)]
 14134 | D:10     | HP: 9/94 [poisoned by a killer bee]
 14140 | D:10     | HP: 6/94 [poisoned by a killer bee]
 14145 | D:10     | HP: 5/94 [poisoned by a killer bee]
 14151 | D:10     | HP: 4/94 [poisoned by a killer bee]
 14159 | D:10     | HP: 4/94 [poisoned by a killer bee]
 14805 | Lair:1   | Entered Level 1 of the Lair of Beasts
 14842 | Lair:1   | HP: 40/80 [wolf (10)]
 15107 | Lair:1   | HP: 31/80 [yak (12)]
 15118 | Lair:1   | HP: 28/80 [bullfrog (6)]
 15123 | Lair:1   | Reached skill level 11 in Unarmed Combat
 15126 | Lair:1   | HP: 17/80 [porcupine's spines (12)]
 15505 | Lair:1   | Noticed a five-headed hydra
 15658 | Lair:1   | HP: 48/96 [five-headed hydra (3)]
 15662 | Lair:1   | HP: 16/96 [five-headed hydra (9)]
 15663 | Lair:1   | HP: 7/96 [five-headed hydra (1)]
 15663 | Lair:1   | Slain by a five-headed hydra

Skill      XL: |  1  2  3  4  5  6  7  8  9 10 11 |
---------------+----------------------------------+-----
Unarmed Combat | 4 5 6 7 9 10 11 | 11.1
Transmutations | 3 4 5 6 7 8 9 |  9.4
Fighting       | 1 2 3 4 5 |  5.5
Stealth        | 1 3 4 5 7 8 9 |  9.5
Dodging        | 3 4 5 6 7 |  7.3
Invocations    | 1 2 3 4 5 |  5.5
Hexes          | 4 |  4.0
Ice Magic      | 3 |  3.0
Spellcasting   | 3 |  3.4

Action                   |  1- 3 |  4- 6 |  7- 9 | 10-12 || total
-------------------------+-------+-------+-------+-------++-------
Melee: Unarmed           |   122 |   203 |   529 |   346 ||  1200
       Bite              |    10 |    11 |    45 |    28 ||    94
       Kick              |     9 |     3 |       |       ||    12
       Punch             |     3 |     2 |    11 |    10 ||    26
 Cast: Beastly Appendage |     6 |     1 |       |       ||     7
       Sticks to Snakes  |     1 |       |     4 |       ||     5
       Spider Form       |       |     9 |    14 |       ||    23
       Blade Hands       |       |       |    19 |    40 ||    59
       Confusing Touch   |       |       |       |     7 ||     7
       Ice Form          |       |       |       |     3 ||     3
Invok: Heroism           |       |       |     2 |     4 ||     6
       Finesse           |       |       |       |     1 ||     1
 Abil: End Transformatio |       |     2 |       |       ||     2
       Bat Form          |       |     2 |       |       ||     2
  Use: Potion            |     7 |    13 |    31 |    35 ||    86
       Scroll            |       |    14 |     8 |     6 ||    28
 Stab: Sleeping          |     1 |     2 |    11 |     7 ||    21
       Distracted        |       |       |     1 |     1 ||     2
       Confused          |       |       |       |     4 ||     4
  Eat: Corpse            |       |     1 |       |       ||     1
Armor: Robe              |    42 |    29 |    78 |    49 ||   198
       Skin              |       |     4 |     5 |    15 ||    24
Dodge: Dodged            |    66 |   155 |   349 |   250 ||   820
